 Dungeon Crawl Stone Soup version 0.17-a0-1591-g7a45446 (webtiles) character file.

2970 Promi the Thaumaturge (level 9, -1/67 HPs)
             Began as a Deep Elf Wizard on July 29, 2015.
             Was a Believer of Sif Muna.
             Slain by a vampire mosquito (2 damage)
             ... on level 9 of the Dungeon.
             The game lasted 01:11:19 (11492 turns).

Promi the Thaumaturge (Deep Elf Wizard)            Turns: 11492, Time: 01:11:19

Health: -1/67      AC: 24    Str:  4    XL:     9   Next: 52%
Magic:  21/23      EV:  2    Int: 27    God:    Sif Muna [**....]
Gold:   566        SH:  0    Dex: 13    Spells: 8 memorised, 6 levels left

rFire  . . .     SeeInvis .     X - +0 shortbow
rCold  . . .     Clarity  +     (armour currently unavailable)
rNeg   + + +     SustAt   .     (no shield)
rPois  +         Gourm    .     (helmet currently unavailable)
rElec  .         Spirit   .     (cloak currently unavailable)
rCorr  .         Warding  .     (gloves currently unavailable)
rMut   .         NoTele   +     (boots currently unavailable)
MR     +....                    j - amulet of clarity
Stlth  +++++.....               x - ring of protection from magic
                                (no ring)

@: tree-form, repel missiles, somewhat resistant to hostile enchantments, quite
stealthy
A: spit poison 1
a: Spit Poison, Channel Energy, Forget Spell, Renounce Religion


You were on level 9 of the Dungeon.
You worshipped Sif Muna.
Sif Muna was pleased with you.
You were not hungry.
You were a tree.
You visited 3 branches of the dungeon, and saw 12 of its levels.

You collected 566 gold pieces.

Inventory:

Hand weapons
 e - a +1 short sword
 p - a +0 long sword
 N - the +6 dagger of Weaff {pain, rPois MR- Int+2}
   (You found it on level 6 of the Dungeon)

   In the hands of one skilled in necromantic magic, it inflicts extra damage on
   living creatures.
   It affects your intelligence (+2).
   It protects you from poison.
   It affects your resistance to hostile enchantments.
 Q - a +2 flail of protection
 X - a +0 shortbow (weapon)
Missiles
 i - 112 arrows (quivered)
Armour
 a - a +0 robe
 b - a +0 hat (melded)
 h - a +0 pair of boots (melded)
 r - a +2 leather armour of cold resistance (melded)
 A - a +1 pair of gloves (melded)
Magical staves
 Y - an uncursed staff of death
Jewellery
 j - an amulet of clarity (around neck)
 x - a ring of protection from magic (right branch)
 y - an uncursed amulet of warding
Magical devices
 v - a wand of polymorph (24)
 P - a wand of confusion (25)
 V - a wand of frost (9)
 W - a wand of paralysis (3)
Scrolls
 k - 3 scrolls of identify
 m - a scroll of remove curse
 n - 3 scrolls of recharging
 s - a scroll of amnesia
 t - 3 scrolls of teleportation
 K - a scroll of enchant weapon
 T - a scroll of noise
 U - 2 scrolls of fear
Potions
 f - a potion of might
 g - 2 potions of brilliance {unknown}
 l - 4 potions of curing
 o - 3 potions of lignification
 u - a potion of degeneration {unknown}
 z - 3 potions of beneficial mutation
 B - 2 potions of agility {unknown}
 C - a potion of cure mutation {unknown}
 D - 3 potions of mutation {unknown}
 E - a potion of poison {unknown}
 F - a potion of cancellation {unknown}
 I - a potion of berserk rage {unknown}
 J - 2 potions of heal wounds {unknown}
 L - a potion of magic {unknown}
 M - a potion of invisibility {unknown}
Books
 c - a book of Minor Magic

   Spells                             Type                      Level
   a - Magic Dart                     Conjuration                  1
   b - Blink                          Translocation                2
   c - Call Imp                       Summoning                    2
   d - Repel Missiles                 Charms/Air                   2
   e - Slow                           Hexes                        2
   f - Conjure Flame                  Conjuration/Fire             3
   g - Mephitic Cloud                 Conjuration/Poison/Air       3
 O - a book of Envenomations

   Spells                             Type                      Level
   a - Spider Form                    Transmutation/Poison         3
   b - Alistair's Intoxication        Transmutation/Poison         4
   c - Olgreb's Toxic Radiance        Poison                       4
   d - Poisonous Cloud                Conjuration/Poison/Air       6
Comestibles
 d - 8 bread rations
 q - 3 chunks of flesh
 w - 6 meat rations
 G - a royal jelly
 H - 4 fruits
 R - a slice of pizza
 S - 7 beef jerkies


   Skills:
 + Level 0.0 Bows
 - Level 3.2 Armour
 - Level 6.5 Dodging
 - Level 6.5 Stealth
 + Level 8.2 Spellcasting
 + Level 6.0 Conjurations
 + Level 2.7 Hexes
 + Level 5.6 Summonings
 - Level 1.1 Translocations
 - Level 2.1 Poison Magic
 + Level 4.0 Invocations


You had 6 spell levels left.
You knew the following spells:

 Your Spells              Type           Power        Failure   Level  Hunger
a - Magic Dart            Conj           ####         1%          1    None
b - Blink                 Tloc           N/A          6%          2    None
c - Call Imp              Summ           #####...     1%          2    None
d - Repel Missiles        Chrm/Air       ##....       10%         2    None
e - Slow                  Hex            ####....     2%          2    None
f - Conjure Flame         Conj/Fire      ####....     4%          3    None
g - Mephitic Cloud        Conj/Pois/Air  ####....     6%          3    None
h - Spider Form           Trmt/Pois      ###.......   12%         3    None


Dungeon Overview and Level Annotations

Branches:
Dungeon (10/15)            Temple (1/1) D:5            Lair (1/8) D:9
    Orc (0/4) D:9

Altars:
Ashenzari
Cheibriados
Dithmenos
Elyvilon
Fedhas
Gozag
Kikubaaqudgha
Makhleb
Nemelex Xobeh
Okawaru
Qazlal
Ru
Sif Muna
Trog
Vehumet
Xom
Yredelemnul
Zin
The Shining One

Annotations:
D:2 Sigmund
D:8 Joseph, Maurice
D:9 Erica
D:10 exclusion: hill giant


Innate Abilities, Weirdness & Mutations

You can spit weak poison.


Message History

The vampire mosquito bites you but does no damage. x2
The vampire mosquito bites you but does no damage.
The vampire mosquito bites you.
* * * LOW HITPOINT WARNING * * *
You have got your breath back.
The vampire mosquito bites you but does no damage. x2
Use which ability? (? or * to list)
Press: ? - help, Shift-Dir - straight line, f/p - vampire mosquito
Aim: a vampire mosquito You fail to use your ability.
The vampire mosquito bites you but does no damage. x2
The vampire mosquito bites you but does no damage. x2
The vampire mosquito bites you.
* * * LOW HITPOINT WARNING * * *
The vampire mosquito bites you but does no damage.
The vampire mosquito bites you but does no damage. x2
The vampire mosquito bites you!
* * * LOW HITPOINT WARNING * * *
The vampire mosquito bites you.
You die... #......[#.###.# . ##.#..[.......### .####.##......##..)# PPP...

##.....##.#.# ≈≈≈PP#
#.....##.#.##
P♣≈≈.####......#....####
PPP.P.[)...............#
....)##..........#####.#
.#......###....y♣# #.##
.....#### #..#.÷.# #..#
......## ###.#...##
##.## .......#
#........# #..# .......#
#......### #..##
.......#
#.....#########..#
≈.....##
#.....##÷÷.)####.#
.....##
#.....##.§(#..#..#
...###
#.....##...###.÷.#


You could see a vampire mosquito.

Vanquished Creatures
  The ghost of Geomchi the Ruffian, an experienced GrTm (D:8)
  A deep elf mage (D:10)
  2 water moccasins
  Duvessa (D:7)
  An orc warrior (D:6)
  A necrophage (D:9)
  An ice beast (D:5)
  2 sky beasts
  An ogre (D:9)
  6 giant frogs
  A wyvern skeleton (D:10)
  A scorpion (D:5)
  An electric eel (D:9)
  4 hounds
  A giant frog skeleton (D:7)
  An orc priest (D:4)
  A giant frog zombie (D:5)
  Ijyb (D:2)
  6 orc wizards
  4 worker ants
  3 gnolls (D:8)
  A shadow imp (D:5)
  5 adders
  2 oozes
  A worm zombie (D:8)
  2 worms
  3 giant geckos
  26 orcs
  4 ball pythons
  25 bats
  A bat zombie (D:8)
  16 goblins
  13 hobgoblins
  6 jackals
  12 kobolds
  5 quokkas
  9 giant cockroaches
  3 giant gecko skeletons
  A giant gecko zombie (D:5)
  5 giant newts
  A jackal skeleton (D:4)
  A jackal zombie (D:8)
  A quokka skeleton (D:5)
  13 rats
197 creatures vanquished.

Vanquished Creatures (collateral kills)
  An ogre (D:5)
  A centaur (D:10)
  A giant frog (D:7)
  Dowan (D:7)
  A scorpion (D:7)
  2 crimson imps
  2 hounds (D:7)
  An orc priest (D:8)
  A jelly (D:5)
  Terence (D:2)
  An orc wizard (D:10)
  A worm (D:3)
  3 orcs
  A ball python (D:2)
  A giant cockroach (D:5)
  A hobgoblin (D:5)
20 creatures vanquished.

Grand Total: 217 creatures vanquished

Notes
Turn   | Place    | Note
--------------------------------------------------------------
     0 | D:1      | Promi the Deep Elf Wizard began the quest for the Orb.
     0 | D:1      | Reached XP level 1. HP: 10/10 MP: 7/7
   167 | D:1      | Reached XP level 2. HP: 15/15 MP: 2/9
   171 | D:1      | Learned a level 2 spell: Blink
   174 | D:1      | Learned a level 2 spell: Call Imp
   177 | D:1      | Learned a level 2 spell: Repel Missiles
   180 | D:1      | Learned a level 2 spell: Slow
   741 | D:1      | Reached XP level 3. HP: 10/19 MP: 0/11
   916 | D:1      | Reached skill level 5 in Spellcasting
  1113 | D:2      | Noticed Ijyb
  1139 | D:2      | Killed Ijyb
  1416 | D:2      | Reached XP level 4. HP: 24/24 MP: 5/13
  1430 | D:2      | Learned a level 3 spell: Conjure Flame
  1922 | D:2      | Found a basalt altar of Yredelemnul.
  2016 | D:2      | Noticed Terence
  2134 | D:2      | Killed Terence
  2293 | D:2      | Noticed Sigmund
  2600 | D:3      | Found a snail-covered altar of Cheibriados.
  2600 | D:3      | Found a burning altar of Makhleb.
  2878 | D:3      | Reached XP level 5. HP: 28/28 MP: 9/14
  2969 | D:3      | Found a shattered altar of Ashenzari.
  3097 | D:3      | Found a deep blue altar of Sif Muna.
  3119 | D:3      | Became a worshipper of Sif Muna the Loreminder
  3166 | D:3      | Found a stormy altar of Qazlal.
  3168 | D:3      | Noticed a water elemental
  3168 | D:3      | Noticed a fire elemental
  3169 | D:3      | Noticed an air elemental
  3267 | D:4      | Found a shadowy altar of Dithmenos.
  4070 | D:4      | Reached XP level 6. HP: 22/32 MP: 5/16
  4323 | D:5      | Entered Level 5 of the Dungeon
  4337 | D:4      | Learned a level 3 spell: Mephitic Cloud
  4866 | D:5      | Reached skill level 6 in Spellcasting
  5304 | D:5      | Found a staircase to the Ecumenical Temple.
  5318 | D:5      | Reached XP level 7. HP: 36/36 MP: 4/18
  5327 | Temple   | Entered the Ecumenical Temple
  5741 | D:6      | Reached skill level 1 in Armour
  5752 | D:6      | Reached skill level 5 in Dodging
  6090 | D:6      | Got a smoking dagger
  6091 | D:6      | Identified the +6 dagger of Weaff {pain, rPois MR- Int+2} (You found it on level 6 of the Dungeon)
  7117 | D:7      | Acquired Sif Muna's first power
  7253 | D:7      | Reached XP level 8. HP: 34/41 MP: 13/20
  8005 | D:7      | Reached skill level 7 in Spellcasting
  8140 | D:7      | Noticed Duvessa
  8140 | D:7      | Noticed Dowan
  8146 | D:7      | Killed Duvessa
  8177 | D:7      | Killed Dowan
  8426 | D:8      | Reached skill level 5 in Stealth
  8474 | D:8      | Noticed Geomchi's ghost (experienced GrTm)
  8499 | D:8      | Killed Geomchi's ghost
  8499 | D:8      | Acquired Sif Muna's second power
  8499 | D:8      | Reached skill level 5 in Conjurations
  8499 | D:8      | Reached skill level 5 in Summonings
  8803 | D:8      | Reached XP level 9. HP: 45/45 MP: 15/22
  8917 | D:8      | Reached skill level 1 in Hexes
  8917 | D:8      | Reached skill level 1 in Invocations
  9015 | D:8      | Noticed Joseph
  9205 | D:8      | Noticed Maurice
  9347 | D:8      | Learned a level 3 spell: Spider Form
  9634 | D:9      | Reached skill level 8 in Spellcasting
  9758 | D:9      | Found a shimmering altar of Xom.
  9758 | D:9      | Found a glowing silver altar of Zin.
  9759 | D:9      | Noticed an angel
  9888 | D:9      | Noticed Erica
  9948 | D:9      | Found a staircase to the Lair.
 10429 | D:9      | Found a staircase to the Orcish Mines.
 10654 | Lair:1   | Entered Level 1 of the Lair of Beasts
 10667 | D:10     | Entered Level 10 of the Dungeon
 11019 | D:10     | Noticed a hill giant
 11479 | D:9      | Gained mutation: You can spit weak poison. [potion of beneficial mutation]
 11492 | D:9      | HP: 1/67 [vampire mosquito (7)]
 11492 | D:9      | Slain by a vampire mosquito

Vault maps used:
D:1:      roderic_chinese_lattice_arrival
D:2:      overflow_temple_1_default, first_bread, uniq_iyjb, uniq_terence,
          uniq_sigmund
D:3:      grunt_temple_overflow_open, overflow_temple_1_default,
          nicolae_qazlal_style_of_elements
D:4:      nicolae_dithmenos_through_a_glass_darkly
D:5:      temple_green, minmay_misc_feat_x, kennysheep_generic_room_7
D:6:      fountainhead
D:7:      uniq_duvessa
D:8:      enter_ossuary_3, uniq_joseph, uniq_maurice
D:9:      grunt_temple_overflow_order_and_chaos_1, lair_0_dummy, serial_bayou,
          serial_bayou_lake_a, serial_bayou_ford_a, serial_bayou_pond_d,
          serial_bayou_lagoon_a, minivault_24, grunt_ogre_cave, uniq_erica
D:10:     basic_altar, lightli_swarmer, uniq_grum
Temple:   circular_temple_12
Lair:1:   st_stairs_9, zaba_antful_of_joy, infiniplex_staircase_pool_2,
          grunt_megastairs_2, lemuel_fruit_tree

Action                   |  1- 3 |  4- 6 |  7- 9 || total
-------------------------+-------+-------+-------++-------
Melee: Short sword       |    12 |       |     3 ||    15
       Long sword        |    13 |    41 |    48 ||   102
       Unarmed           |       |       |    18 ||    18
       Flail             |       |       |     4 ||     4
 Fire: Shortbow          |       |       |     4 ||     4
 Cast: Magic Dart        |    77 |   214 |   255 ||   546
       Repel Missiles    |     1 |     1 |       ||     2
       Call Imp          |     3 |    25 |    32 ||    60
       Conjure Flame     |       |    12 |    34 ||    46
       Slow              |       |     5 |     4 ||     9
       Blink             |       |     1 |     5 ||     6
       Mephitic Cloud    |       |       |     3 ||     3
       Spider Form       |       |       |     2 ||     2
Invok: Channel Energy    |       |       |     4 ||     4
 Abil: Spit Poison       |       |       |     2 ||     2
  Use: Scroll            |       |    10 |     7 ||    17
       Potion            |       |       |     3 ||     3
 Stab: Sleeping          |     1 |     1 |       ||     2
       Distracted        |     1 |     1 |     1 ||     3
  Eat: Chunk             |     1 |    12 |    13 ||    26
       Bread ration      |       |       |     1 ||     1
       Fruit             |       |       |     3 ||     3
